 Dungeon Crawl Stone Soup version 0.17-a0-1970-g7a13dd1 (webtiles) character file.

90 SlimeFever the Insei (level 4, -5/36 HPs)
             Began as a Demonspawn Monk on Oct 4, 2015.
             Killed from afar by Jessica (8 damage)
             ... with a wand of magic darts
             ... on level 2 of the Dungeon.
             The game lasted 00:14:13 (1354 turns).

SlimeFever the Insei (Demonspawn Monk)              Turns: 1354, Time: 00:14:13

Health: -5/36      AC:  7    Str: 12    XL:     4   Next: 32%
Magic:  4/4        EV: 14    Int: 11    God:
Gold:   46         SH:  0    Dex: 16    Spells: 0 memorised, 3 levels left

rFire  . . .     SeeInvis .       - Unarmed
rCold  . . .     Clarity  .     a - +2 robe
rNeg   . . .     SustAt   .     (no shield)
rPois  +         Gourm    .     (helmet restricted)
rElec  .         Spirit   .     k - +2 cloak
rCorr  .         Warding  .     (no gloves)
rMut   .         Stasis   .     (no boots)
MR     .....                    (no amulet)
Stlth  ++........               (no ring)
                                l - ring of poison resistance

@: not resistant to hostile enchantments, unstealthy
A: antennae 1
a: no special abilities


You were on level 2 of the Dungeon.
You were not hungry.

You visited 1 branch of the dungeon, and saw 2 of its levels.

You collected 46 gold pieces.

Inventory:

Missiles
 p - 52 arrows
Armour
 a - a +2 robe (worn)
 f - a +0 animal skin
 k - a +2 cloak (worn)
Jewellery
 l - a ring of poison resistance (left hand)
Scrolls
 g - a scroll of identify
 h - a scroll of magic mapping
Potions
 d - a potion of brilliance
 e - a potion of cancellation
Comestibles
 b - a bread ration


   Skills:
 * Level 3.6 Fighting
 * Level 3.7 Dodging
 + Level 2.1 Stealth
 + Level 4.0 Unarmed Combat


You had 3 spell levels left.
You didn't know any spells.

Dungeon Overview and Level Annotations

Branches:
Dungeon (2/15)

Altars:

Annotations:
D:2 Ijyb, Jessica


Innate Abilities, Weirdness & Mutations

You have a pair of small antennae on your head.


Message History

You see here a whip.
You completely miss Ijyb. Ijyb closely misses you.
You barely miss Ijyb.
Jessica zaps a wand.
The magic dart hits you! Ijyb barely misses you.
You hit Ijyb but do no damage. Ijyb hits you but does no damage.
You hit Ijyb but do no damage.
Jessica zaps a wand.
The magic dart hits you!
* * * LOW HITPOINT WARNING * * *
Ijyb hits you but does no damage.
Jessica zaps a wand.
The magic dart hits you!
* * * LOW HITPOINT WARNING * * *
It was a potion of poison.
You feel slightly nauseous. Ijyb hits you but does no damage.
As you read the scroll labeled XUCSUO BYNEPU, it crumbles to dust.
The creatures around you are filled with an inner flame!
It was a scroll of immolation.
Jessica looks very angry.
Ijyb hits you with a club.
* * * LOW HITPOINT WARNING * * *
Jessica zaps a wand.
The magic dart hits you!
You die...

#.........# *,,,,
##@......## ***** #.#######
#.# ***** #†#
##########*,,,* #.#
#........#*,,,****** #.#
#........#*,,,**,,,, #.####
#........##,,,**,***
#....###g.@.......,,,,,,,,,
###...@.........##,,,**,***
#........[......,,,,,,,,,
#.....##.#####..,,,,,,,,,
##.#####.# *,.,,,,,,,,,
#.#***#.# *,,,,,,,,,,,
#..,,,..# *,,,,,,,,,,,
###***### *,,,,,,,,,,,
*,,,,,,,,,,,


You could see Ijyb (inner flame) and Jessica (inner flame).

Vanquished Creatures
  Terence (D:2)
  Robin (D:2)
  2 adders (D:2)
  2 giant cockroaches
  6 hobgoblins
  A quokka (D:2)
  3 bats
  A giant gecko (D:1)
  2 giant newts
  16 goblins
  A rat (D:1)
36 creatures vanquished.

Notes
Turn   | Place    | Note
--------------------------------------------------------------
     0 | D:1      | SlimeFever the Demonspawn Monk began the quest for the Orb.
     0 | D:1      | Reached XP level 1. HP: 18/18 MP: 1/1
   429 | D:1      | Gained mutation: You have a pair of small antennae on your head. [demonic ancestry]
   429 | D:1      | Reached XP level 2. HP: 16/24 MP: 2/2
   812 | D:2      | Noticed Terence
   827 | D:2      | HP: 1/24 [Terence/flail (7)]
   830 | D:2      | Killed Terence
   830 | D:2      | Reached XP level 3. HP: 1/29 MP: 3/3
  1151 | D:2      | Noticed Robin
  1163 | D:2      | Reached XP level 4. HP: 36/36 MP: 4/4
  1171 | D:2      | Reached skill level 4 in Unarmed Combat
  1200 | D:2      | HP: 1/36 [Robin/spear (6)]
  1236 | D:2      | Killed Robin
  1316 | D:2      | Noticed Ijyb
  1317 | D:2      | Noticed Jessica
  1354 | D:2      | Killed from afar by Jessica

Vault maps used:
D:1:      evilmike_arrival_crescent
D:2:      grunt_decor_one_mirror, uniq_jessica, uniq_terence, uniq_iyjb,
          uniq_robin

Action                   |  1- 3 |  4- 6 || total
-------------------------+-------+-------++-------
Melee: Unarmed           |   109 |    50 ||   159
  Use: Scroll            |    10 |     1 ||    11
       Potion            |       |     3 ||     3
 Stab: Sleeping          |     1 |     1 ||     2
  Eat: Pizza             |       |     1 ||     1
